 Dungeon Crawl Stone Soup version 0.31.0-11-ge490571c62 (webtiles) character file.

Game seed: 14725524726054280337

4390 Loxic the Frost Mage (level 10, 88/88 HPs)
             Began as a Pale Draconian Ice Elementalist on Feb 5, 2024.
             Quit the game in a bailey.
             The game lasted 00:18:22 (7989 turns).

Loxic the Frost Mage (DrIE)                         Turns: 7989, Time: 00:18:22

Health: 88/88      AC:  8    Str: 11    XL:     10   Next: 13%
Magic:  13/13      EV: 12    Int: 20    God:
Gold:   293        SH:  0    Dex:  6    Spells: 9/13 levels left

rFire   + . .        A - +9 orcbow of Dudomaw {drain, rPois rF+ Dex-5}
rCold   + . .        (shield currently unavailable)
rNeg    . . .        (body armour unavailable)
rPois   +            (helmet restricted)
rElec   .            d - scarf {repulsion}
rCorr   .            (no gloves)
SInv    .            v - +0 pair of boots
Will    .....        (no amulet)
Stlth   ++           C - ring of protection from cold
HPRegen 0.34/turn    (no ring)
MPRegen 0.13/turn

%: repel missiles
@: no status effects
A: breathe steam, AC +7, unfitting armour, cold-blooded, steam resistance
a: Breathe Steam


You were in a bailey.
You visited 1 branch of the dungeon, and saw 7 of its levels.
You also visited: Bailey.

You collected 293 gold pieces.


Innate Abilities, Weirdness & Mutations

You can breathe blasts of scalding, opaque steam.
Your pale cyan-grey scales are hard. (AC +7)
You cannot fit into any form of body armour.
You are cold-blooded and may be slowed by cold attacks.
You are immune to the effects of steam.


   Skills:
 - Level 8.0 Fighting
 + Level 4.8 Short Blades
 - Level 6.0 Dodging
 - Level 5.0 Stealth
 - Level 2.0 Spellcasting
 - Level 8.0 Ice Magic
 - Level 6.0 Evocations


You had 9 spell levels left.
You knew the following spells:

 Your Spells              Type           Power      Damage    Failure   Level
f - Freeze                Ice            100%       1d10      1%          1
r - Frozen Ramparts       Ice            68%        1d11      1%          3

Your spell library contained the following spells:

 Spells                   Type           Power      Damage    Failure   Level
 Ozocubu's Armour         Ice            34%        N/A       1%          3
 Ensorcelled Hibernation  Hex/Ice        36%        N/A       4%          2
 Summon Ice Beast         Ice/Summ       18%        N/A       9%          3
 Kiss of Death            Conj/Necr      8%         2d6       16%         1
 Blink                    Tloc           4%         N/A       24%         2
 Lesser Beckoning         Tloc           4%         N/A       24%         2
 Momentum Strike          Conj/Tloc      4%         3d8       24%         2
 Confusing Touch          Hex            2%         N/A       43%         3
 Fugue of the Fallen      Necr           2%         N/A       43%         3
 Tukima's Dance           Hex            2%         N/A       43%         3
 Metabolic Englaciation   Hex/Ice        9%         N/A       63%         5
 Anguish                  Hex/Necr       1%         N/A       83%         4
 Dimensional Bullseye     Hex/Tloc       1%         N/A       83%         4
 Dispel Undead            Necr           2%         3d7       83%         4
 Iskenderun's Mystic Bla  Conj/Tloc      2%         2d3       83%         4
 Sculpt Simulacrum        Ice/Alch       9%         N/A       99%         6

Inventory:

Hand Weapons
 c - a +0 dagger
 t - a +0 falchion of freezing
 u - a +1 dagger of venom
 A - the +9 orcbow of Dudomaw (weapon) {drain, rPois rF+ Dex-5}
   (You found it on level 6 of the Dungeon)

   Dex-5:     It affects your dexterity (-5).
   rF+:       It protects you from fire.
   rPois:     It protects you from poison
 B - a +2 trident of draining
 D - a +0 whip
Armour
 d - a scarf of repulsion (worn)
 v - a +0 pair of boots (worn)
Magical Staves
 q - a staff of fire {!a}
Jewellery
 C - a ring of protection from cold (left hand)
Talismans
 s - a blade talisman
Wands
 j - a wand of mindburst (17)
 p - a wand of flame (16)
 x - a wand of paralysis (20)
 E - a wand of digging (4)
 F - a wand of light (9)
 G - a wand of polymorph (8)
Scrolls
 b - 3 scrolls of revelation {unknown}
 e - 6 scrolls of teleportation {unknown}
 g - a scroll of poison {unknown}
 h - a scroll of vulnerability {unknown}
 i - 6 scrolls of identify {unknown}
 m - a scroll of blinking {unknown}
 n - a scroll of enchant weapon {unknown}
 o - 2 scrolls of fear {unknown}
 w - 2 scrolls of summoning {unknown}
 y - 2 scrolls of noise {unknown}
Potions
 a - 2 potions of magic
 f - 5 potions of curing {unknown}
 k - a potion of attraction {unknown}
 l - 2 potions of cancellation {unknown}
 r - a potion of lignification {unknown}
 z - a potion of haste {unknown}

Dungeon Overview and Level Annotations

Branches:
Dungeon (7/15)             Temple (0/1) D:4          Bailey (1/1)

Altars:
Dithmenos
Elyvilon

Shops:
D:3 [

Annotations:
D:3 3 runed translucent doors, TheBioAlchemist's ghost, amateur OpSh

#∩..∩.........))..⌠..▒
#..............).....▒
###......≈≈≈≈~.▒.....▒
#......≈≈≈≈~.▒')▒▒▒▒▒
######.≈≈≈≈~.▒......▒
#≈≈≈≈≈~.▒...)..▒
#≈≈≈≈≈▒▒▒▒▒▒...▒▒▒▒▒▒▒▒▒▒
#≈≈≈≈≈▒....▒.8)8.8.).).).
#≈≈≈≈≈▒.@..▒......)▒)..).
#≈≈≈≈≈▒'▒..▒▒▒▒▒▒▒▒▒▒▒▒▒▒
#≈≈≈≈≈▒$▒.)).............
#≈≈≈≈≈▒▒▒▒▒▒~~~~~~~~~~~~~
≈≈≈≈≈≈≈≈≈≈≈≈≈≈≈≈≈
≈≈≈≈≈≈≈≈≈≈≈≈≈≈≈≈≈≈
≈≈≈≈≈≈≈≈≈≈≈≈≈≈≈≈≈≈≈
≈≈≈≈≈≈≈≈≈≈≈≈≈≈≈≈≈≈≈
≈≈≈≈≈≈≈≈≈≈≈≈≈≈≈≈≈≈≈


There were no monsters in sight!


Message History

The arrow hits the orc warrior but does no damage.
The orc warrior is lightly wounded.
The wall freezes the orc warrior but does no damage.
You shoot an arrow.
The arrow hits the orc warrior but does no damage.
The orc warrior is lightly wounded.
The wall freezes the orc warrior.
The orc warrior barely misses you.
The wall freezes the orc warrior!
The orc warrior hits you with a +0 war axe.
You shoot an arrow. The arrow hits the orc warrior.
You drain the orc warrior.
The orc warrior is severely wounded.
The wall freezes the orc warrior but does no damage.
The orc warrior hits you with a +0 war axe.
The wall freezes the gnoll but does no damage.
You shoot an arrow. The arrow hits the orc warrior!
The orc warrior is almost dead.
The wall freezes the orc warrior but does no damage.
The orc warrior misses you.
The wall freezes the gnoll!
You kill the gnoll!
The wall freezes the orc warrior.
You kill the orc warrior!
Unknown command.
The frozen ramparts melt away.
Magic restored.
There is an open door, spattered with blood here.
Things that are here:
a +0 war axe; a +0 chain mail You open the door.
Found 25 gold pieces.
Are you sure you want to abandon this character and quit the game? (Confirm with "yes".)

Skill      XL: |  1  2  3  4  5  6  7  8  9 10 |
---------------+-------------------------------+-----
Fighting       | 1 3 4 5 6 8 |  8.0
Ice Magic      | 5 6 8 |  8.0
Evocations     | 2 3 4 5 6 |  6.0
Dodging        | 2 4 6 |  6.0
Stealth        | 4 5 |  5.0
Short Blades   | 3 4 |  4.8
Spellcasting   | |  2.0

Action                     |  1- 3 |  4- 6 |  7- 9 | 10-12 || total
---------------------------+-------+-------+-------+-------++-------
  Melee: Dagger            |   130 |   204 |   127 |       ||   461
         Tailslap          |    15 |    18 |    23 |       ||    56
         Punch             |     2 |     1 |     2 |       ||     5
         Unarmed           |     1 |       |       |       ||     1
         Staff             |       |       |    18 |       ||    18
         Falchion          |       |       |     6 |       ||     6
   Fire: Orcbow            |       |       |    91 |    24 ||   115
   Cast: Freeze            |    17 |    37 |    23 |       ||    77
         Frozen Ramparts   |       |     7 |    28 |     3 ||    38
Ability: Breathe Steam     |       |       |     8 |       ||     8
  Evoke: Wand              |       |     5 |     2 |       ||     7
   Stab: Sleeping          |     7 |     3 |     1 |       ||    11
         Distracted        |       |     1 |       |       ||     1
 Armour: Skin              |    81 |   116 |   155 |    16 ||   368
  Dodge: Dodged            |   102 |   148 |   149 |    16 ||   415
         Repelled          |     1 |     6 |     1 |       ||     8

Levels and vault maps discovered:
D:1:      wander_arrival_lonely_grave, layout_loops_corners
D:2:      layout_basic, basic_altar, minmay_divided_ellipse
D:3:      layout_basic, serial_shops, nicolae_shop_statue_plus,
          gammafunk_ghost_split, chequers_serial_rivers_room_b,
          nicolae_concentric_dashed_squares_mild
D:4:      layout_loops_ring, minmay_temple_entry_butterflies,
          amcnicky_mini_pool_small
D:5:      layout_basic, nicolae_dithmenos_the_darkroom
D:6:      layout_basic, grunt_ministairs_1, minmay_ruffians, uniq_sigmund,
          uniq_eustachio, uniq_jeremiah
D:7:      lemuel_insect_pit, layout_rooms,
          chequers_temple_overflow_statue_of_worship, enter_bailey_6,
          eino_small_chamber_without_monster, serial_library_hellmonk_room_a
Bailey:   bailey_axe_of_yendor_kennysheep, bailey

Notes
Turn   | Place    | Note
-------+----------+-------------------------------------------
     0 | D:1      | Loxic the Draconian Ice Elementalist began the quest for
                  | the Orb.
     0 | D:1      | Reached XP level 1. HP: 14/14 MP: 3/3
    94 | D:1      | Reached skill level 1 in Fighting
   362 | D:1      | Reached XP level 2. HP: 23/24 MP: 5/5
   366 | D:1      | Reached skill level 2 in Fighting
   851 | D:1      | Reached skill level 3 in Fighting
   873 | D:1      | Reached XP level 3. HP: 31/31 MP: 6/6
  1144 | D:2      | Found a white marble altar of Elyvilon.
  1684 | D:2      | Reached XP level 4. HP: 35/38 MP: 7/7
  1826 | D:2      | Reached skill level 5 in Ice Magic
  2023 | D:2      | Reached skill level 1 in Evocations
  2141 | D:2      | Learned a level 3 spell: Frozen Ramparts
  2470 | D:3      | Found a runed translucent gate.
  2497 | D:3      | Found Jovah's Antique Armour Boutique.
  2552 | D:3      | Reached skill level 2 in Evocations
  2552 | D:3      | Reached XP level 5. HP: 31/45 MP: 4/8
  2951 | D:3      | Found a runed translucent gate.
  2952 | D:3      | Found a runed translucent gate.
  2956 | D:3      | Noticed a phantom
  2958 | D:3      | Noticed TheBioAlchemist's ghost (amateur OpSh)
  2961 | D:3      | Killed a phantom
  3221 | D:4      | Noticed an ogre
  3448 | D:4      | Reached skill level 3 in Evocations
  3707 | D:4      | Reached XP level 6. HP: 39/51 MP: 5/9
  3840 | D:4      | Reached skill level 6 in Ice Magic
  3899 | D:4      | Found a staircase to the Ecumenical Temple.
  4371 | D:4      | Reached skill level 4 in Evocations
  4474 | D:5      | Entered Level 5 of the Dungeon
  4532 | D:5      | Reached skill level 4 in Fighting
  4589 | D:5      | Reached skill level 2 in Dodging
  4589 | D:5      | Your scales start taking on a pale cyan-grey colour.
  4589 | D:5      | Reached XP level 7. HP: 51/59 MP: 4/10
  4589 | D:5      | Gained mutation: You are immune to the effects of steam.
                  | [Pale Draconian growth]
  4919 | D:5      | Reached skill level 5 in Fighting
  4922 | D:5      | Reached skill level 5 in Evocations
  4955 | D:5      | Reached skill level 3 in Dodging
  5024 | D:5      | Reached skill level 4 in Dodging
  5137 | D:5      | Reached XP level 8. HP: 29/68 MP: 9/11
  5395 | D:5      | Reached skill level 5 in Dodging
  5395 | D:5      | Reached skill level 2 in Stealth
  5494 | D:5      | Noticed a hornet
  5500 | D:5      | Paralysed by a hornet for 2 turns
  5501 | D:5      | Killed a hornet
  5867 | D:5      | Found a shadowy altar of Dithmenos.
  6011 | D:6      | Reached skill level 3 in Stealth
  6064 | D:6      | Reached skill level 6 in Fighting
  6064 | D:6      | Reached skill level 6 in Evocations
  6113 | D:6      | Noticed a hornet
  6120 | D:6      | Killed a hornet
  6121 | D:6      | Reached skill level 6 in Dodging
  6121 | D:6      | Reached skill level 4 in Stealth
  6121 | D:6      | Reached XP level 9. HP: 34/75 MP: 3/12
  6457 | D:6      | Reached skill level 5 in Stealth
  6622 | D:6      | Noticed Sigmund
  6630 | D:6      | Killed Sigmund
  6641 | D:6      | Reached skill level 7 in Ice Magic
  6831 | D:6      | Identified the +9 orcbow of Dudomaw {drain, rPois rF+
                  | Dex-5}
  6841 | D:6      | Noticed Jeremiah
  6865 | D:6      | Killed Jeremiah
  6866 | D:6      | Reached skill level 8 in Ice Magic
  7061 | D:6      | Noticed Eustachio
  7069 | D:6      | Killed Eustachio
  7070 | D:6      | Reached skill level 7 in Fighting
  7252 | D:6      | Reached skill level 8 in Fighting
  7252 | D:6      | Reached skill level 1 in Short Blades
  7340 | D:7      | Found a flagged portal.
  7343 | D:7      | Reached skill level 2 in Short Blades
  7362 | Bailey   | Entered a bailey
  7631 | Bailey   | Reached skill level 3 in Short Blades
  7678 | Bailey   | Reached XP level 10. HP: 74/88 MP: 9/13
  7744 | Bailey   | Reached skill level 4 in Short Blades
  7989 | Bailey   | Quit the game

Vanquished Creatures
  Jeremiah (D:6)
  2 hornets
  Sigmund (D:6)
  Eustachio (D:6)
  5 humans (D:6)
  A water moccasin (D:6)
  7 orc warriors (Bailey)
  A black bear (D:5)
  3 ogres
  A centaur (D:6)
  3 phantoms
  A kobold brigand (D:7)
  A bullfrog (D:6)
  4 scorpions
  A howler monkey (D:5)
  2 electric eels (Bailey)
  A jelly (D:5)
  A bombardier beetle (D:5)
  3 hounds
  5 orc priests
  2 sleepcaps
  4 iguanas
  3 orc wizards
  7 gnolls
  10 adders
  A shadow imp (D:7)
  3 dart slugs
  2 ribbon worms
  31 orcs
  8 ball pythons
  8 bats
  7 endoplasms
  5 giant cockroaches
  18 goblins
  11 hobgoblins
  6 jackals
  2 quokkas
  A frilled lizard (D:2)
  10 kobolds
  3 rats
  A butterfly (D:4)
188 creatures vanquished.

Table legend: (Time is in decaauts)
 A = Elapsed time spent in this place.
 B = Non-inter-level travel time spent in this place.
 C = Inter-level travel time spent in this place.
 D = Time resting spent in this place.
 E = Time spent auto-exploring this place.
 F = Levels seen in this place.
 G = Mean time per level.
                   A        B        C        D        E       F      G
               +--------+--------+--------+--------+--------+-----+--------+
         Total |   8056 |   7896 |    160 |   1925 |   4468 |   8 | 1007.0 |
       Dungeon |   7403 |   7243 |    160 |   1656 |   4175 |   7 | 1057.6 |
        Bailey |    652 |    652 |      0 |    269 |    293 |   1 |  652.0 |
               +--------+--------+--------+--------+--------+-----+--------+

Top non-repeatable levels by time:
     D:5: 1731 daAuts
     D:2: 1344 daAuts
     D:4: 1214 daAuts
     D:6: 1090 daAuts
     D:1: 1056 daAuts
     D:3: 862 daAuts
  Bailey: 652 daAuts
     D:7: 102 daAuts

Table legend:
 A = Non-vault XP
 B = Vault XP
 C = Vault XP percentage of total XP
 D = Non-vault monster count
 E = Vault monster count
 F = Vault count percentage of total count
                 A         B        C        D         E       F
            +---------+---------+-------+---------+---------+-------
      Total |    3240 |    3032 |  48.3 |     140 |      47 |  25.1
            +---------+---------+-------+---------+---------+-------
        D:1 |      46 |       0 |   0.0 |      26 |       0 |   0.0
        D:2 |      92 |      38 |  29.2 |      23 |      13 |  36.1
        D:3 |     154 |       0 |   0.0 |      13 |       0 |   0.0
        D:4 |     351 |       0 |   0.0 |      20 |       0 |   0.0
        D:5 |    1432 |       0 |   0.0 |      33 |       0 |   0.0
        D:6 |    1049 |    1900 |  64.4 |      17 |      14 |  45.2
        D:7 |     116 |       0 |   0.0 |       8 |       0 |   0.0
     Bailey |       0 |    1094 | 100.0 |       0 |      20 | 100.0
            +---------+---------+-------+---------+---------+-------
